 Dungeon Crawl Stone Soup version 0.27-a0-1189-gb8eb6cee8e (webtiles) character file.

Game seed: 1041247880202257838

5546 shoop the Slicer (level 10, 0/46 HPs)
             Began as a Vine Stalker Enchanter on May 23, 2021.
             Was a Priest of Uskayaw.
             Succumbed to an orc priest's poison
             ... on level 10 of the Dungeon.
             The game lasted 00:23:10 (9662 turns).

shoop the Slicer (Vine Stalker Enchanter)           Turns: 9662, Time: 00:23:10

Health: 0/46       AC:  3    Str: 13    XL:     10   Next: 71%
Magic:  1/18       EV: 12    Int: 15    God:    Uskayaw [***...]
Gold:   141        SH:  0    Dex: 18    Spells: 11/19 levels left

rFire    + + .     SeeInvis .   a - +9 dagger of the Unspeakable One {drain, rC+ Will+ Dex+2}
rCold    + . .     Faith    .   (no shield)
rNeg     . . .     Spirit   +   I - +3 leather armour {Will+}
rPois    .         Reflect  .   p - +0 helmet
rElec    .         Harm     .   r - +0 cloak
rCorr    .         Rampage  .   (no gloves)
Will     ++...                  A - +2 pair of boots
Stlth    ++........             K - amulet of Xaceppee {RegenMP rF++ Will-}
HPRegen  1.15/turn              (no ring)
MPRegen  0.41/turn              (no ring)

@: lethally poisoned (0 -> -3), corroded, flying
A: fangs 3, regeneration 1, magic shield, antimagic bite, no potion heal 2
a: Renounce Religion, Stomp, Line Pass


You were on level 10 of the Dungeon.
You worshipped Uskayaw.
Uskayaw was noncommittal.
You visited 2 branches of the dungeon, and saw 11 of its levels.

You collected 720 gold pieces.
You spent 579 gold pieces at shops.

Inventory:

Hand Weapons
 a - the +9 dagger of the Unspeakable One (weapon) {drain, rC+ Will+ Dex+2}
   (You found it on level 7 of the Dungeon)

   A truly terrible weapon, it drains the life of those it strikes.
   It affects your dexterity (+2).
   It protects you from cold.
   It increases your willpower.
 b - the +7 short sword of Discord {drain, *Noise rPois rF+++ rN+}
   (You bought it in a shop on level 5 of the Dungeon)

   A truly terrible weapon, it drains the life of those it strikes.
   It renders you almost immune to fire.
   It protects you from poison.
   It protects you from negative energy.
   It may make noises in combat.
 g - a +1 dagger
 E - a +2 dagger of draining
Missiles
 f - 2 atropa-tipped darts
 J - 2 throwing nets
Armour
 p - a +0 helmet (worn)
 r - a +0 cloak (worn)
 y - a +0 robe
 A - a +2 pair of boots (worn)
 H - a scarf of invisibility
 I - a +3 leather armour of willpower (worn)
 N - the +0 kite shield of the Eternal Fruit {rCorr}
   (You found it on level 9 of the Dungeon)

   It protects you from acid and corrosion.
Jewellery
 t - a ring of fire
 K - the amulet of Xaceppee (around neck) {RegenMP rF++ Will-}
   (You found it on level 8 of the Dungeon)

   [amulet of magic regeneration]

   It increases your rate of magic regeneration.
   It greatly protects you from fire.
   It decreases your willpower.
Wands
 d - a wand of charming (10)
 B - a wand of flame (22)
 D - a wand of iceblast (9)
 M - a wand of paralysis (5)
Scrolls
 c - a scroll of acquirement {unknown}
 e - 4 scrolls of enchant weapon {unknown}
 h - 2 scrolls of immolation {unknown}
 m - 4 scrolls of teleportation
 n - a scroll of magic mapping
 v - a scroll of blinking
 w - a scroll of vulnerability {unknown}
 x - a scroll of fear {unknown}
 F - 2 scrolls of noise
Potions
 i - 3 potions of berserk rage {unknown}
 j - a potion of brilliance
 k - 4 potions of curing {unknown}
 l - 3 potions of cancellation {unknown}
 o - a potion of might
 q - a potion of degeneration
 s - 3 potions of lignification
 u - 2 potions of flight
 z - 2 potions of heal wounds {unknown}
 C - a potion of invisibility {unknown}
 G - a potion of resistance {unknown}
 O - a potion of magic
 P - a potion of mutation
Miscellaneous
 L - a box of beasts
 Q - a piece from Xom's chessboard (15/15)


   Skills:
 - Level 2.0 Fighting
 - Level 10.0 Short Blades
 - Level 2.0 Armour
 - Level 2.0 Dodging
 - Level 3.6 Stealth
 - Level 5.1 Spellcasting
 - Level 3.2 Hexes
 - Level 2.0 Transmutations
 - Level 2.0 Ice Magic
 - Level 2.0 Earth Magic
 + Level 7.6 Invocations
 - Level 3.0 Evocations


You had 11 spell levels left.
You knew the following spells:

 Your Spells              Type           Power      Damage    Failure   Level
a - Ensorcelled Hibernat  Hex/Ice        22%        N/A       11%         2
b - Corona                Hex            14%        N/A       5%          1
c - Dazzling Flash        Conj/Hex       16%        N/A       32%         3
p - Passwall              Tmut/Erth      7%         N/A       14%         2

Your spell library contained the following spells:

 Spells                   Type           Power      Damage    Failure   Level
 Beastly Appendage        Tmut           18%        N/A       9%          1
 Sandblast                Erth           18%        2d7       9%          1
 Wereblood                Tmut           9%         N/A       14%         2
 Confusing Touch          Hex            13%        N/A       16%         3
 Tukima's Dance           Hex            13%        N/A       16%         3
 Animate Skeleton         Necr           6%         N/A       21%         1
 Pain                     Necr           12%        1d4       21%         1
 Spider Form              Tmut/Pois      3%         N/A       38%         3
 Stone Arrow              Conj/Erth      12%        3d7       38%         3
 Vampiric Draining        Necr           1%         2d6       52%         3
 Ice Form                 Ice/Tmut       9%         N/A       65%         4
 Petrify                  Tmut/Erth      9%         N/A       65%         4
 Animate Dead             Necr           1%         N/A       90%         4
 Hydra Form               Tmut           4%         N/A       94%         5
 Lee's Rapid Deconstruct  Erth           4%         3d6*      94%         5
 Agony                    Necr           3%         N/A       99%         5
 Bolt of Magma            Conj/Fire/Erth 2%         4d4       99%         5
 Iskenderun's Battlesphe  Conj           3%         2d6       99%         5
 Iron Shot                Conj/Erth      3%         9d2       100%        6
 Orb of Destruction       Conj           1%         N/A       100%        7
 Spellforged Servitor     Conj/Summ      1%         N/A       100%        7


Dungeon Overview and Level Annotations

Branches:
Dungeon (10/15)            Temple (1/1) D:4            Lair (0/6) D:8
    Orc: D:9-12

Altars:
Ashenzari
Cheibriados
Dithmenos
Elyvilon
Fedhas
Gozag
Hepliaklqana
Kikubaaqudgha
Makhleb
Nemelex Xobeh
Okawaru
Qazlal
Ru
Sif Muna
Trog
Uskayaw
Vehumet
Wu Jian
Xom
Yredelemnul
Zin
The Shining One

Shops:
D:5 (   D:9 !

Annotations:
D:5 exclusion: 4 gnolls
D:7 Harold
D:9 1 runed translucent door, kd29's ghost, journeyman GrEE


Innate Abilities, Weirdness & Mutations

You have razor-sharp teeth.
Your natural rate of healing is unusually fast.
When hurt, damage is shared between your health and your magic reserves.
Your bite disrupts and absorbs the magic of your enemies.
Potions cannot restore your health.


Message History

You hit the acid dragon but do no damage.
You drain the acid dragon.
You bite the acid dragon, but do no damage.
The acid dragon is almost dead.
You barely miss the acid dragon.
The acid dragon is almost dead.
The acid dragon barely misses you. x2
You don't have enough magic at the moment.
Unknown command.
You hit the acid dragon but do no damage.
You drain the acid dragon.
You bite the acid dragon, but do no damage.
The acid dragon is almost dead.
You hit the acid dragon.
You kill the acid dragon!
The acid dragon scales are intact enough to wear.
The orc priest hits you with a +2 dagger of venom.
* * * LOW HITPOINT WARNING * * *
You are poisoned.
Things that are here:
+0 acid dragon scales; an acid dragon corpse You hit the orc priest but do no damage.
You drain the orc priest.
You bite the orc priest, but do no damage.
The orc priest is moderately wounded.
You feel sick.
The orc priest invokes the aid of Beogh against you.
Beogh smites you!
* * * LOW HITPOINT WARNING * * *
Uskayaw will force your foes to helplessly watch your dance.
Uskayaw prepares the audience for your solo!
The helpless orc priest fails to defend itself.
You skewer the orc priest like a kebab!!!
You kill the orc priest!
* * * LOW HITPOINT WARNING * * *
You feel sick.
It was a potion of flight.
You feel very buoyant.
You fly up into the air.
You die...

......##............
#.................
#........##.......
#........##..D.# .##... ..
#...........o..##.. .....
... #..................
........
#............#####
##...#..
#...>.....#..#####.##..#.#
##..#..........)@.........
....#...#(##..########..#
......#...##..## #<.###.#
###.#...#.##...## #......#
#.##.##.#.....# ##.#####
.....>..........# #.#
.##.#####.#..>..#######.#
.. ....#.............# ..
...........#########


There were no monsters in sight!

Vanquished Creatures
  Erolcha (D:9)
  Pikel (D:6)
  Maggie (D:7)
  Sigmund (D:3)
  Grum (D:9)
  An acid dragon (D:10)
  3 orc warriors
  An ice beast (D:7)
  A hornet zombie (D:8)
  A necrophage (D:5)
  A black bear (D:8)
  A sky beast (D:7)
  2 wolves (D:9)
  3 ogres (D:7)
  4 centaurs
  A lemure (D:6)
  A kobold brigand (D:9)
  5 bullfrogs
  2 wyvern zombies
  Blork the orc (D:6)
  A water moccasin zombie (D:5)
  A scorpion (D:6)
  A water moccasin skeleton (D:6)
  8 wights
  A crimson imp (D:6)
  3 howler monkeys
  3 hounds
  4 jellies
  2 bullfrog skeletons
  A gnoll shaman (D:7)
  2 centaur skeletons
  8 orc priests
  2 iguanas (D:5)
  6 orc wizards
  2 howler monkey zombies
  8 gnolls
  5 adders
  A shadow imp (D:6)
  A worm (D:2)
  6 dart slugs
  34 orcs
  4 ball pythons
  9 bats
  6 endoplasms
  3 giant cockroaches (D:3)
  7 goblins
  3 hobgoblins
  2 jackals (D:3)
  10 kobolds
  2 frilled lizards
  2 rats
181 creatures vanquished.

Vanquished Creatures (others)
  6 fungi (D:8)
  7 plants
13 creatures vanquished.

Grand Total: 194 creatures vanquished

Notes
Turn   | Place    | Note
-------+----------+-------------------------------------------
     0 | D:1      | shoop the Vine Stalker Enchanter began the quest for the
                  | Orb.
     0 | D:1      | Reached XP level 1. HP: 9/9 MP: 4/4
    34 | D:1      | Reached skill level 1 in Short Blades
   405 | D:1      | Reached XP level 2. HP: 11/13 MP: 6/6
   411 | D:1      | Learned a level 2 spell: Ensorcelled Hibernation
   579 | D:1      | Reached skill level 2 in Short Blades
  1309 | D:1      | Found a faded altar of an unknown god.
  1403 | D:2      | Reached XP level 3. HP: 10/15 MP: 7/7
  1618 | D:2      | Reached skill level 1 in Ice Magic
  2549 | D:2      | Reached skill level 3 in Short Blades
  2549 | D:2      | Gained mutation: Your natural rate of healing is unusually
                  | fast. [Vine Stalker growth]
  2549 | D:2      | Reached XP level 4. HP: 13/21 MP: 1/8
  2728 | D:2      | Learned a level 2 spell: Passwall
  3005 | D:3      | Reached XP level 5. HP: 22/24 MP: 9/9
  3052 | D:3      | Noticed Sigmund
  3241 | D:3      | Reached skill level 1 in Earth Magic
  3290 | D:3      | Reached skill level 1 in Transmutations
  3410 | D:3      | Found a hazy altar of Hepliaklqana.
  3410 | D:3      | Found an ancient bone altar of Kikubaaqudgha.
  3768 | D:4      | Found a staircase to the Ecumenical Temple.
  3777 | Temple   | Entered the Ecumenical Temple
  3818 | Temple   | Became a worshipper of Uskayaw the Reveller
  3970 | D:4      | Reached * piety under Uskayaw
  3975 | D:4      | Reached ** piety under Uskayaw
  3976 | D:4      | Reached XP level 6. HP: 28/28 MP: 7/10
  4636 | D:5      | Entered Level 5 of the Dungeon
  4657 | D:5      | Reached skill level 1 in Invocations
  5216 | D:5      | Reached skill level 4 in Short Blades
  5292 | D:5      | Found Pajozono's Antique Weapon Boutique.
  5337 | D:5      | Reached *** piety under Uskayaw
  5338 | D:5      | Reached XP level 7. HP: 25/32 MP: 10/12
  5450 | D:5      | Learned a level 3 spell: Dazzling Flash
  5640 | D:5      | Bought a fading short sword for 256 gold pieces
  5640 | D:5      | Identified the +7 short sword of Discord {drain, *Noise
                  | rPois rF+++ rN+} (You bought it in a shop on level 5 of the
                  | Dungeon)
  5834 | D:3      | Killed Sigmund
  5835 | D:3      | Reached skill level 5 in Short Blades
  5944 | D:3      | Gained mutation: You have razor-sharp teeth. [Vine Stalker
                  | growth]
  5944 | D:3      | Reached XP level 8. HP: 33/36 MP: 14/14
  6440 | D:6      | Reached **** piety under Uskayaw
  6519 | D:6      | Noticed Pikel
  6534 | D:6      | Killed Pikel
  6535 | D:6      | Reached skill level 6 in Short Blades
  6540 | D:6      | Reached ***** piety under Uskayaw
  6545 | D:6      | Reached skill level 5 in Spellcasting
  6546 | D:6      | Reached skill level 7 in Short Blades
  6546 | D:6      | Reached XP level 9. HP: 11/39 MP: 7/17
  6680 | D:6      | Reached skill level 5 in Invocations
  6763 | D:6      | Noticed Blork the orc
  6790 | D:6      | Killed Blork the orc
  7053 | D:6      | Found a burning altar of Makhleb.
  7054 | D:6      | Found a radiant altar of Vehumet.
  7132 | D:7      | Found a sparkling altar of Nemelex Xobeh.
  7132 | D:7      | Identified the +9 dagger of the Unspeakable One {drain, rC+
                  | Will+ Dex+2}
  7138 | D:7      | Reached skill level 1 in Fighting
  7138 | D:7      | Reached skill level 1 in Evocations
  7180 | D:7      | Noticed Harold
  7403 | D:7      | Reached skill level 8 in Short Blades
  7429 | D:7      | Noticed Maggie
  7496 | D:7      | Found a snail-covered altar of Cheibriados.
  7657 | D:7      | Found a glowing silver altar of Zin.
  7657 | D:7      | Noticed an angel
  7826 | D:7      | Killed Maggie
  7917 | D:8      | Reached XP level 10. HP: 33/46 MP: 12/18
  8051 | D:8      | Reached skill level 9 in Short Blades
  8051 | D:8      | Reached skill level 1 in Armour
  8073 | D:8      | Reached ****** piety under Uskayaw
  8492 | D:8      | Identified the amulet of Xaceppee {RegenMP rF++ Will-}
  8561 | D:8      | Found a staircase to the Lair.
  8957 | D:9      | Noticed Grum
  8983 | D:9      | Found a runed translucent door.
  8983 | D:9      | Noticed kd29's ghost (journeyman GrEE)
  9034 | D:9      | Killed Grum
  9187 | D:9      | Found Vill's Distillery.
  9189 | D:9      | Found a shimmering altar of Xom.
  9225 | D:9      | Noticed Erolcha
  9299 | D:9      | Found a white marble altar of Elyvilon.
  9369 | D:9      | Killed Erolcha
  9370 | D:9      | Reached skill level 10 in Short Blades
  9375 | D:9      | Identified the +1 robe of Noughts and Crosses {rF+++}
  9411 | D:9      | Identified the +0 kite shield of the Eternal Fruit {rCorr}
  9592 | D:9      | Bought a potion of lignification for 51 gold pieces
  9592 | D:9      | Bought a potion of magic for 136 gold pieces
  9592 | D:9      | Bought a potion of mutation for 136 gold pieces
  9596 | D:10     | Entered Level 10 of the Dungeon
  9660 | D:10     | HP: 2/46 [orc priest/divine providence (9)]
  9662 | D:10     | Succumbed to an orc priest's poison

Illustrated notes

Levels and vault maps discovered:
D:1:      heliophobic_arrival_battle_scene, layout_loops_ring,
          shapermc_ecumenical_altar_mp_ritualfount
D:2:      cheibrodos_pilgrimage, layout_rooms
D:3:      layout_loops_ring, gammafunk_temple_overflow_elements,
          kennysheep_pointless_box, uniq_sigmund
D:4:      layout_basic, minmay_temple_entry_junction
D:5:      layout_cave_pods, serial_shops,
          nicolae_shop_temple_entry_statues_fountains, kennysheep_generic_room_3
D:6:      layout_rooms, grunt_temple_overflow_lords_of_destruction,
          uniq_blork_the_orc, uniq_pikel
D:7:      layout_rooms, lemuel_coloured_pillars_altar,
          nemelex_xobeh_ov_fountains_minmay, zin_angel, uniq_harold, uniq_maggie
D:8:      layout_basic, grunt_lair_entry_orc_guard_hut, kennysheep_nub,
          nicolae_straight_to_the_point
D:9:      layout_rooms, lemuel_doored_altar, lemuel_round_altar, serial_shops,
          nicolae_shop_waterfront, hellmonk_ghost_happy_afterlife,
          solitary_fountain, grunt_ministairs_15, uniq_erolcha, uniq_grum
D:10:     layout_loops_ring, erik_orc_4, enter_trove_3, minmay_crystal_room
Temple:   nicolae_temple_god_jail

Skill      XL: |  1  2  3  4  5  6  7  8  9 10 |
---------------+-------------------------------+-----
Short Blades   | 1 2 3 4 5 7 8 10 | 10.0
Ice Magic      | 1 2 |  2.0
Earth Magic    | 1 2 |  2.0
Transmutations | 1 2 |  2.0
Invocations    | 2 3 4 6 7 |  7.6
Spellcasting   | 3 5 |  5.1
Fighting       | 2 |  2.0
Evocations     | 3 |  3.0
Dodging        | 2 |  2.0
Armour         | 2 |  2.0
Stealth        | |  3.6
Hexes          | |  3.2

Action                   |  1- 3 |  4- 6 |  7- 9 | 10-12 || total
-------------------------+-------+-------+-------+-------++-------
Melee: Dagger            |    87 |   105 |   243 |   123 ||   558
       Bite              |    17 |    20 |    80 |    43 ||   160
       Short sword       |       |       |    31 |       ||    31
 Cast: Corona            |     1 |       |       |       ||     1
       Ensorcelled Hiber |     8 |    16 |       |     3 ||    27
       Passwall          |       |     1 |     1 |     1 ||     3
Invok: Line Pass         |       |       |     1 |       ||     1
       Grand Finale      |       |       |       |     1 ||     1
  Use: Scroll            |       |       |       |     7 ||     7
       Potion            |       |       |       |     1 ||     1
 Stab: Sleeping          |    11 |    16 |     7 |       ||    34
       Paralysed         |       |       |    15 |     5 ||    20
Armor: Robe              |    17 |    19 |    37 |       ||    73
       Leather armour    |       |       |       |    39 ||    39
Dodge: Dodged            |    49 |    49 |   117 |    57 ||   272

Table legend: (Time is in decaauts)
 A = Elapsed time spent in this place.
 B = Non-inter-level travel time spent in this place.
 C = Inter-level travel time spent in this place.
 D = Time resting spent in this place.
 E = Time spent auto-exploring this place.
 F = Levels seen in this place.
 G = Mean time per level.
                   A        B        C        D        E       F      G
               +--------+--------+--------+--------+--------+-----+--------+
         Total |   9497 |   8279 |   1218 |    420 |   6398 |  11 |  863.4 |
       Dungeon |   9437 |   8237 |   1200 |    420 |   6364 |  10 |  943.7 |
        Temple |     59 |     41 |     18 |      0 |     34 |   1 |   59.0 |
               +--------+--------+--------+--------+--------+-----+--------+

Top non-repeatable levels by time:
     D:1: 1887 daAuts
     D:3: 1560 daAuts
     D:8: 1087 daAuts
     D:2: 1072 daAuts
     D:5: 1047 daAuts
     D:6: 775 daAuts
     D:4: 683 daAuts
     D:7: 681 daAuts
     D:9: 583 daAuts
  Temple: 59 daAuts
    D:10: 59 daAuts
